 Dungeon Crawl Stone Soup version 0.17-a0-1373-g64d4c99 (webtiles) character file.

3782 nuthulu the Basher (level 10, -26/61 HPs)
             Began as a Gargoyle Fighter on June 13, 2015.
             Annihilated by Erolcha
             ... wielding a cursed -3 giant spiked club
              (31 damage)
             ... on level 7 of the Dungeon.
             The game lasted 00:28:56 (6782 turns).

nuthulu the Basher (Gargoyle Fighter)               Turns: 6782, Time: 00:28:56

Health: -26/61     AC: 22    Str: 21    XL:     10   Next: 16%
Magic:  9/9        EV:  5    Int:  9    God:
Gold:   246        SH: 10    Dex:  9    Spells: 0 memorised, 9 levels left

rFire  . . .     SeeInvis .     n - +5 flail (holy)
rCold  . . .     Clarity  .     r - +0 plate armour
rNeg   + . .     SustAt   .     c - +0 shield
rPois  ∞         Gourm    .     l - +0 helmet
rElec  +         Spirit   .     a - +0 cloak
rCorr  .         Warding  .     (no gloves)
rMut   .         Stasis   .     (no boots)
MR     .....                    i - amulet of faith
Stlth  ..........               (no ring)
                                (no ring)

@: not resistant to hostile enchantments, extremely unstealthy
A: fangs 1, deterioration 1, low mp 1, mutation resistance 1, negative energy
resistance 1, electricity resistance, weak 1, unbreathing, petrification
resistance, rot immunity, AC +7
a: no special abilities


You were on level 7 of the Dungeon.
You were not hungry.

You visited 2 branches of the dungeon, and saw 9 of its levels.

You collected 340 gold pieces.
You spent 94 gold pieces at shops.

Inventory:

Hand weapons
 n - a +5 flail of holy wrath (weapon)
Missiles
 u - a throwing net (quivered)
Armour
 a - a +0 cloak (worn)
 b - a +0 scale mail
 c - a +0 shield (worn)
 l - a +0 helmet (worn)
 r - a +0 plate armour (worn)
Jewellery
 g - an uncursed amulet of stasis
 i - an amulet of faith (around neck)
Magical devices
 m - a wand of draining (10)
 v - a wand of polymorph (14)
Scrolls
 p - a scroll of magic mapping
 q - a scroll of immolation
 s - a scroll of fog {unknown}
 t - a scroll of noise {unknown}
 x - a scroll of identify
Comestibles
 e - 5 bread rations
 f - a beef jerky
 h - a royal jelly
 j - a fruit
 k - 2 meat rations
 w - a slice of pizza


   Skills:
 * Level 6.5 Fighting
 * Level 13.4 Maces & Flails
 * Level 5.8 Armour
 - Level 2.2 Dodging
 + Level 6.2 Shields


You had 9 spell levels left.
You didn't know any spells.

Dungeon Overview and Level Annotations

Branches:
Dungeon (8/15)             Temple (1/1) D:7
   Lair: D:8-11

Altars:
Ashenzari
Cheibriados
Dithmenos
Elyvilon
Fedhas
Gozag
Kikubaaqudgha
Makhleb
Nemelex Xobeh
Qazlal
Ru
Trog
Vehumet
Xom
Yredelemnul
Zin

Shops:
D:4 *   D:6 **   D:8 ?

Annotations:
D:7 Erolcha


Innate Abilities, Weirdness & Mutations

You are resistant to torment.
Your stone body is resilient (AC +7).
You are immune to poison.
You resist negative energy.
You are resistant to electric shocks.
You can survive without breathing.
You are immune to petrification.
You are immune to rotting.
You have very sharp teeth.
Your body sometimes deteriorates upon taking damage.
Your magical capacity is low (-10% MP).
You are somewhat resistant to further mutation.
You are weak. (Str -2)


Message History

Drink which item? (? for menu, Esc to quit)
You feel better.
You bludgeon something!! Your bite misses something. Something hits you.
* * * LOW HITPOINT WARNING * * *
You sock something!
Unknown command.
Unknown command.
You hit something. Your bite misses something. Something hits you.
* * * LOW HITPOINT WARNING * * *
Unknown command.
Unknown command.
You sock something!
Unknown command.
Unknown command.
Unknown command.
Sorry, you're not good enough to have a special ability.
Unknown command.
You hit something but do no damage. Something hits you!!
Ouch! That really hurt!
You die...

#.##.....#.##.#######
#..#..)[)#...).......
##.#...).####.#######
#.#.....##....#
#..#..........#
##.#..........#
#............#
##{(.........#
#@>......<.##
############


There were no monsters in sight!

Vanquished Creatures
  The ghost of nuthulu the Cudgeler, an experienced GrFi (D:4)
  Sigmund (D:2)
  A hippogriff (D:7)
  Menkaure (D:6)
  Edmund (D:4)
  A water moccasin (D:6)
  3 orc warriors
  A black bear (D:6)
  4 ogres
  A phantom (D:5)
  6 centaurs
  A giant frog (D:3)
  A scorpion (D:5)
  5 crimson imps
  A centaur zombie (D:5)
  2 gnoll shamans (D:7)
  3 iguanas
  4 hounds
  2 giant frog skeletons
  An orc priest (D:7)
  2 centaur skeletons (D:4)
  2 worker ants (D:6)
  6 orc wizards
  Robin (D:2)
  5 adders
  14 gnolls
  A shadow imp (D:7)
  An ooze (D:7)
  4 worms
  An adder skeleton (D:3)
  6 giant geckos
  27 orcs
  3 ball pythons
  7 giant cockroaches
  14 goblins
  15 hobgoblins
  2 jackals (D:6)
  11 bats
  5 giant newts
  11 kobolds
  3 quokkas
  A quokka skeleton (D:5)
  12 rats
  A bush (D:2)
196 creatures vanquished.

Notes
Turn   | Place    | Note
--------------------------------------------------------------
     0 | D:1      | nuthulu the Gargoyle Fighter began the quest for the Orb.
     0 | D:1      | Reached XP level 1. HP: 14/14 MP: 1/1
    14 | D:1      | Reached XP level 2. HP: 14/19 MP: 2/2
   357 | D:1      | Reached XP level 3. HP: 20/24 MP: 3/3
  1052 | D:2      | Noticed Robin
  1195 | D:3      | Reached XP level 4. HP: 21/29 MP: 4/4
  1363 | D:2      | Killed Robin
  1363 | D:2      | Reached skill level 1 in Dodging
  1428 | D:2      | Reached skill level 4 in Shields
  1520 | D:2      | Noticed Sigmund
  1540 | D:2      | Killed Sigmund
  1540 | D:2      | Reached XP level 5. HP: 28/33 MP: 5/5
  1540 | D:2      | Reached XP level 6. HP: 32/38 MP: 6/6
  2182 | D:3      | Found a faded altar to an unknown god.
  2612 | D:4      | Reached skill level 12 in Maces & Flails
  2612 | D:4      | Reached XP level 7. HP: 44/44 MP: 7/7
  2619 | D:4      | Noticed nuthulu's ghost (experienced GrFi)
  2630 | D:4      | Killed nuthulu's ghost
  2630 | D:4      | Reached skill level 5 in Shields
  2630 | D:4      | Reached XP level 8. HP: 14/48 MP: 8/8
  2911 | D:4      | Noticed Edmund
  2926 | D:4      | Killed Edmund
  2965 | D:4      | Found Odoapn's Assorted Antiques.
  2970 | D:4      | Bought a cloak for 94 gold pieces
  3016 | D:4      | Found a stormy altar of Qazlal.
  3016 | D:4      | Found a sacrificial altar of Ru.
  3176 | D:4      | Found a white marble altar of Elyvilon.
  3357 | D:5      | Entered Level 5 of the Dungeon
  3595 | D:5      | Reached skill level 5 in Fighting
  3851 | D:5      | Reached XP level 9. HP: 52/54 MP: 9/9
  4054 | D:5      | Gained mutation: You are weak. (Str -2) [potion of mutation]
  4054 | D:5      | Gained mutation: Your body sometimes deteriorates upon taking damage. [potion of mutation]
  4054 | D:5      | Gained mutation: You have very sharp teeth. [potion of mutation]
  4055 | D:5      | Gained mutation: Your magical capacity is low (-10% MP). [potion of mutation]
  4055 | D:5      | Gained mutation: You are somewhat resistant to further mutation. [potion of mutation]
  4091 | D:6      | Noticed Menkaure
  4093 | D:6      | Killed Menkaure
  4183 | D:6      | Found Pyecrag's General Store.
  4434 | D:6      | Reached skill level 5 in Armour
  4853 | D:6      | Reached skill level 13 in Maces & Flails
  4947 | D:6      | Found Laem's General Store.
  5225 | D:7      | Found a staircase to the Ecumenical Temple.
  5252 | Temple   | Entered the Ecumenical Temple
  6137 | D:7      | Reached XP level 10. HP: 56/61 MP: 9/9
  6238 | D:7      | Found a shimmering altar of Xom.
  6761 | D:8      | Found Xuirph's Magic Scroll Shop.
  6761 | D:8      | Noticed Erolcha
  6776 | D:7      | HP: 1/61 [something (23)]
  6782 | D:7      | Annihilated by Erolcha

Vault maps used:
D:1:      minmay_arrival_statue_studded, feat_on_display
D:2:      serial_forest, infiniplex_forest_clump_tiny, infiniplex_forest_pool,
          infiniplex_forest_straight_4, infiniplex_forest_clump_medium,
          infiniplex_forest_straight_3, infiniplex_forest_straight_2,
          infiniplex_forest_straight_5, infiniplex_forest_zigzag_2, uniq_robin,
          uniq_sigmund
D:3:      portal_sewer_entry_f, ecumenical_altar_2
D:4:      gammafunk_temple_overflow_pools, elyvilon_altar_4, serial_shops,
          shop_statue, uniq_edmund
D:5:      first_bread, minmay_misc_feat_hallway, hex_medium
D:6:      serial_shops, shop, shop, uniq_menkaure
D:7:      kennysheep_mini_moat, temple_pool_b
D:8:      serial_shops, shop, shop, shop, shop, nicolae_shop_waterfront,
          uniq_joseph, uniq_erolcha
Temple:   circular_temple_12

Action                   |  1- 3 |  4- 6 |  7- 9 | 10-12 || total
-------------------------+-------+-------+-------+-------++-------
Melee: Flail             |   132 |   238 |   313 |    63 ||   746
  Use: Scroll            |     3 |     3 |     6 |       ||    12
       Potion            |       |     3 |     9 |     1 ||    13
  Eat: Chunk             |     1 |     6 |     7 |     2 ||    16
       Bread ration      |       |       |     1 |       ||     1
